 Dungeon Crawl Stone Soup version 0.30-a0-165-g1891117ce2 (webtiles) character file.

Game seed: 16598486114781742358

46 qw the Chopper (level 3, -1/23 HPs)
             Began as a Gargoyle Fighter on Sept 28, 2022.
             Slain by a gnoll
             ... wielding a +0 halberd
              (9 damage)
             ... on level 2 of the Dungeon.
             The game lasted 00:00:34 (1197 turns).

qw the Chopper (Gargoyle Fighter)                   Turns: 1197, Time: 00:00:35

Health: -1/23      AC: 10    Str: 21    XL:     3   Next: 68%
Magic:  3/3        EV:  9    Int:  8    God:
Gold:   35         SH:  4    Dex:  9    Spells: 2/2 levels left

rFire   . . .      SeeInvis .    Y - +1 war axe
rCold   . . .      Faith    .    c - +0 buckler
rNeg    + . .      Spirit   .    b - +0 scale mail
rPois   inf        Reflect  .    (no helmet)
rElec   +          Harm     .    (no cloak)
rCorr   .          Rampage  .    (no gloves)
Will    .....                    (no boots)
Stlth   ..........               (no amulet)
HPRegen 0.07/turn                (no ring)
MPRegen 0.08/turn                (no ring)

@: no status effects
A: sickness immunity, AC +3, negative energy resistance 1, electricity
resistance, torment resistance 1, petrification resistance
a: no special abilities


You were on level 2 of the Dungeon.
You visited 1 branch of the dungeon, and saw 2 of its levels.

You collected 35 gold pieces.


Innate Abilities, Weirdness & Mutations

You are immune to sickness and miasma.
Your stone body is resilient. (AC +3)
You are immune to poison.
You resist negative energy. (rN+)
You are resistant to electric shocks. (rElec)
You are resistant to unholy torment.
You are immune to petrification.


   Skills:
 - Level 3.2 Fighting
 + Level 3.5 Axes
 - Level 3.2 Armour
 - Level 3.2 Shields


You had 2 spell levels left.
You didn't know any spells.
Your spell library was empty.

Inventory:

Hand Weapons
 f - a +0 whip
 Y - a +1 war axe (weapon)
Armour
 a - the +0 ring mail of the Endless Defenders {Contam Fly Will- Int+9}
   (You found it on level 2 of the Dungeon)

   Int:       It affects your intelligence (+9).
   Fly:       It grants you flight.
   Contam:    It causes magical contamination when unequipped.
   Will:      It decreases your willpower.
 b - a +0 scale mail (worn)
 c - a +0 buckler (worn)
Scrolls
 h - 2 scrolls of identify
Potions
 d - 2 potions of might
 e - a potion of curing

Dungeon Overview and Level Annotations

Branches:
Dungeon (2/15)

Altars:


Message History

You closely miss the frilled lizard.
The frilled lizard bites you but does no damage.
You closely miss the frilled lizard.
The frilled lizard bites you but does no damage.
You hit the frilled lizard.
You kill the frilled lizard!
You start resting.
HP restored.
a - the +0 ring mail of the Endless Defenders {Contam Fly Will- Int+9} A rat comes into view.
You see here a +0 whip.
You slash the rat!
You kill the rat!
f - a +0 whip
1134 ||| DROPPING +0 club.
You drop a +0 club.
Found a scale mail.
A ball python comes into view.
The ball python hisses angrily.
You slash the ball python!
You kill the ball python!
Found 8 stones.
You see here 8 stones.
A gnoll comes into view. It is wielding a +0 halberd.
The gnoll shouts!
You hear a shout!
A gnoll comes into view. It is wielding a +0 flail.
The gnoll shouts!
A gnoll comes into view. It is wielding a +0 spear.
An endoplasm comes into view.
The gnoll hits you with a +0 halberd.
You barely miss the gnoll. The gnoll barely misses you.
You slash the gnoll!
The gnoll is severely wounded.
The gnoll barely misses you. The gnoll closely misses you.
You slash the gnoll!
You kill the gnoll!
The gnoll hits you from afar with a +0 halberd!
Ouch! That really hurt!
The gnoll hits you from afar with a +0 halberd!
You die... ###################### #Jgg)@......(......... #...#################### #

You could see 2 gnolls and an endoplasm.

Vanquished Creatures
  2 gnolls
  2 dart slugs (D:1)
  2 endoplasms
  A giant cockroach (D:1)
  2 hobgoblins (D:1)
  5 quokkas
  4 ball pythons
  3 bats (D:1)
  5 frilled lizards
  3 kobolds (D:1)
  6 rats
35 creatures vanquished.

Notes
Turn   | Place    | Note
-------+----------+-------------------------------------------
     0 | D:1      | qw the Gargoyle Fighter began the quest for the Orb.
     0 | D:1      | Reached XP level 1. HP: 14/14 MP: 1/1
     0 | D:1      | 0 ||| qw: Version: 0.2-a-12-gaebbb33
     0 | D:1      | 0 ||| qw: Game counter: 768
     0 | D:1      | 0 ||| qw: Always use a shield: true
     0 | D:1      | 0 ||| qw: God list: Okawaru
     0 | D:1      | 0 ||| qw: Allow faded altars: false
     0 | D:1      | 0 ||| qw: Do Orc after D:15 true
     0 | D:1      | 0 ||| qw: Do second Lair branch before Depths: true
     0 | D:1      | 0 ||| qw: Lair rune preference: random
     0 | D:1      | 0 ||| qw: Plans: Normal, Zot:1-4, God:TSO, Crypt, Tomb,
                  | Pan, Slime:5, Hells, Abyss, Orb
     0 | D:1      | 0 ||| PLANNING D:1-11
    71 | D:1      | 71 ||| Stepping ~*~*~tactically~*~*~ (stealth).
   113 | D:1      | 113 ||| Stepping ~*~*~tactically~*~*~ (stealth).
   120 | D:1      | 120 ||| Stepping ~*~*~tactically~*~*~ (stealth).
   132 | D:1      | Found a faded altar of an unknown god.
   144 | D:1      | Reached XP level 2. HP: 19/19 MP: 2/2
   443 | D:1      | 443 ||| Stepping ~*~*~tactically~*~*~ (stealth).
   447 | D:1      | 447 ||| Stepping ~*~*~tactically~*~*~ (stealth).
   451 | D:1      | 451 ||| Stepping ~*~*~tactically~*~*~ (stealth).
   465 | D:1      | 465 ||| Stepping ~*~*~tactically~*~*~ (stealth).
   531 | D:1      | Reached skill level 3 in Axes
   706 | D:1      | 706 ||| Stepping ~*~*~tactically~*~*~ (stealth).
   731 | D:1      | Reached XP level 3. HP: 23/23 MP: 3/3
   982 | D:1      | 982 ||| READING scroll labelled TIYCUG FUOTS.
   986 | D:1      | 986 ||| READING scroll labelled OKHLUL IREA.
   987 | D:1      | 987 ||| READING 4 scrolls labelled PISEFE PAFFIL.
   988 | D:1      | 988 ||| READING scroll labelled IGHAMI WUYCE.
   989 | D:1      | 989 ||| READING scroll labelled MOIFAT AROYNIN.
   990 | D:1      | 990 ||| READING 3 scrolls of identify.
   990 | D:1      | 990 ||| IDENTIFYING red potion
  1037 | D:2      | 1037 ||| FLEEEEING.
  1038 | D:2      | 1038 ||| FLEEEEING.
  1039 | D:2      | 1039 ||| FLEEEEING.
  1040 | D:2      | 1040 ||| FLEEEEING.
  1041 | D:2      | 1041 ||| STAIRDANCE
  1125 | D:2      | Identified the +0 ring mail of the Endless Defenders
                  | {Contam Fly Will- Int+9}
  1134 | D:2      | 1134 ||| DROPPING +0 club.
  1197 | D:2      | Slain by a gnoll

Levels and vault maps discovered:
D:1:      lemuel_arrival_funnel, layout_loops_ring,
          dreamdust_ecumenical_altar_angels_and_demons,
          kennysheep_decorative_pillar, minmay_tiny_reverse_x
D:2:      layout_rooms

Skill      XL: |  1  2 |
---------------+-------+-----
Axes           | 2 3 |  3.5
Fighting       | |  3.2
Armour         | |  3.2
Shields        | |  3.2

Action                   || total
-------------------------++-------
Melee: War axe           ||   118
  Use: Scroll            ||     6
Armor: Scale mail        ||    55
Dodge: Dodged            ||    61
Block: Buckler           ||    19

Table legend:
 A = Non-vault XP
 B = Vault XP
 C = Vault XP percentage of total XP
 D = Non-vault monster count
 E = Vault monster count
 F = Vault count percentage of total count
                 A         B        C        D         E       F
            +---------+---------+-------+---------+---------+-------
      Total |      78 |       3 |   3.7 |      33 |       2 |   5.7
            +---------+---------+-------+---------+---------+-------
        D:1 |      55 |       3 |   5.2 |      26 |       2 |   7.1
        D:2 |      23 |       0 |   0.0 |       7 |       0 |   0.0
            +---------+---------+-------+---------+---------+-------
